 Dungeon Crawl Stone Soup version 0.24.0-13-gcf9b3192b9 (webtiles) character file.

Game seed: 4843721594963360514, levelgen mode: deterministic

723 Alabard the Skirmisher (level 7, 0/62 HPs)
             Began as a Hill Orc Abyssal Knight on Nov 9, 2019.
             Was a Priest of Lugonu.
             Slain by a scorpion (5 damage)
             ... on level 4 of the Dungeon.
             The game lasted 00:15:23 (4804 turns).

Alabard the Skirmisher (Hill Orc Abyssal Knight)    Turns: 4804, Time: 00:15:23

Health: 0/62       AC: 13    Str: 17    XL:     7   Next: 71%
Magic:  11/11      EV:  6    Int: 12    God:    Lugonu [***...]
Gold:   224        SH:  0    Dex: 10    Spells: 6/6 levels left

rFire    . . .     SeeInvis .   a - +1 hand axe
rCold    . . .     Gourm    .   (no shield)
rNeg     . . .     Faith    .   g - +0 plate armour
rPois    .         Spirit   .   k - +0 helmet
rElec    .         Reflect  .   (no cloak)
rCorr    .         Harm     .   (no gloves)
MR       .....                  (no boots)
Stlth    ..........             (no amulet)
HPRegen  0.20/turn              (no ring)
MPRegen  0.12/turn              (no ring)

@: lethally poisoned (0 -> -23), flying
A: no striking features
a: Depart the Abyss, Bend Space, Banish, Renounce Religion


You were on level 4 of the Dungeon.
You worshipped Lugonu.
Lugonu was most pleased with you.
You were hungry.

You visited 1 branch of the dungeon, and saw 4 of its levels.
You visited the Abyss 1 time.

You collected 224 gold pieces.

Inventory:

Hand Weapons
 a - a +1 hand axe (weapon)
 j - a +0 dagger
Armour
 e - a +0 ring mail
 g - a +0 plate armour (worn)
 k - a +0 helmet (worn)
Jewellery
 i - a +2 ring of strength
Wands
 q - a wand of digging (4)
Scrolls
 h - 2 scrolls of enchant weapon {unknown}
 l - 5 scrolls of remove curse {unknown}
 m - 3 scrolls of identify {unknown}
 p - 2 scrolls of teleportation {unknown}
Potions
 b - a potion of heal wounds {unknown}
 d - 2 potions of might
 f - 3 potions of lignification {unknown}
 n - a potion of resistance {unknown}
 o - a potion of flight
 r - a potion of curing {unknown}
 s - a potion of mutation {unknown}
Comestibles
 c - 4 rations


   Skills:
 + Level 5.6 Fighting
 + Level 5.4 Axes
 + Level 4.5 Armour
 + Level 3.0 Dodging
 + Level 5.3 Invocations


You had 6 spell levels left.
You didn't know any spells.
Your spell library contained the following spells:

 Spells                   Type           Power        Failure   Level  Hunger
 Recall                   Summ/Tloc      N/A          100%        3    ####...
 Aura of Abjuration       Summ           #.........   100%        5    ######.
 Summon Demon             Summ           #.........   100%        5    ######.
 Summon Forest            Summ/Tloc      #.........   100%        5    ######.
 Summon Mana Viper        Hex/Summ       #.......     100%        5    ######.
 Shadow Creatures         Summ           N/A          100%        6    #######


Dungeon Overview and Level Annotations

Branches:
Dungeon (4/15)             Temple (0/1) D:4

Altars:
Ashenzari
Fedhas
Kikubaaqudgha
Makhleb
Okawaru
Ru
Sif Muna
Vehumet
Wu Jian


Message History

You hit the scorpion.
The scorpion is heavily wounded.
* * * LOW HITPOINT WARNING * * *
You feel sick.
The scorpion stings you but does no damage.
You hit the scorpion.
The scorpion is severely wounded.
* * * LOW HITPOINT WARNING * * *
You feel sick. The scorpion stings you!
* * * LOW HITPOINT WARNING * * *
You are more poisoned.
The scorpion poisons you!
* * * LOW HITPOINT WARNING * * *
You feel sick.
It was a potion of flight.
You feel very buoyant.
You fly up into the air.
* * * LOW HITPOINT WARNING * * *
You feel sick. The scorpion stings you.
You die...

##)#..............####
.#..............##...#.
#...#...####.##.####)#.
!.⌠.....# #.##......).
_⌠......## #.########.#
..⌠..#...# #.# #.#
#....#.#.# #.# #.#
.#..##.#.# #. #..
##%##@#.# ...# #†s#.#
#.# ##.#.# #.#
...............
.#####....####. ####.#
.# .# #


You could see a scorpion.

Vanquished Creatures
  An ogre (D:4)
  A scorpion (D:3)
  2 howler monkeys
  2 hounds (D:4)
  3 orc priests
  A centaur skeleton (D:4)
  Natasha (thrice) (D:2)
  An orc wizard (D:3)
  3 worker ants (D:4)
  8 adders
  2 oozes (D:1)
  An adder skeleton (D:4)
  3 worms
  2 leopard geckos
  9 orcs
  A giant cockroach (D:1)
  7 goblins
  6 hobgoblins
  4 jackals (D:2)
  4 quokkas
  A ball python (D:1)
  5 bats
  A frilled lizard (D:1)
  4 kobolds
  6 rats
81 creatures vanquished.

Notes
Turn   | Place    | Note
-------+----------+-------------------------------------------
     0 | Abyss:1  | Alabard the Hill Orc Abyssal Knight began the quest for the
                  | Orb.
     0 | Abyss:1  | Reached XP level 1. HP: 19/19 MP: 2/2
   100 | Abyss:1  | Noticed a rust devil
   151 | Abyss:2  | Noticed a starcursed mass
   161 | Abyss:2  | Noticed a large abomination
   162 | D:1      | Escaped the Abyss
   315 | D:1      | Reached skill level 1 in Dodging
   315 | D:1      | Reached XP level 2. HP: 18/27 MP: 3/3
   603 | D:1      | Reached * piety under Lugonu
   988 | D:1      | Reached XP level 3. HP: 33/33 MP: 5/5
  1542 | D:2      | Noticed Natasha
  1555 | D:2      | Killed Natasha
  1583 | D:2      | Found a blossoming altar of Fedhas.
  1718 | D:2      | Reached XP level 4. HP: 12/40 MP: 6/6
  2066 | D:2      | Noticed Natasha
  2103 | D:2      | Killed Natasha
  2307 | D:2      | Noticed Natasha
  2324 | D:2      | Killed Natasha
  2324 | D:2      | Reached XP level 5. HP: 25/47 MP: 7/7
  2710 | D:2      | Found an ornate altar of the Wu Jian Council.
  3190 | D:3      | Reached ** piety under Lugonu
  3286 | D:3      | Reached XP level 6. HP: 52/53 MP: 9/9
  3650 | D:3      | Reached skill level 5 in Fighting
  3717 | D:3      | Found an ancient bone altar of Kikubaaqudgha.
  3717 | D:3      | Found a radiant altar of Vehumet.
  3722 | D:3      | Found a burning altar of Makhleb.
  3735 | D:3      | Found a shattered altar of Ashenzari.
  3737 | D:3      | Found a sacrificial altar of Ru.
  3802 | D:3      | Found a shimmering blue altar of Sif Muna.
  3913 | D:4      | Found a staircase to the Ecumenical Temple.
  3950 | D:4      | Reached XP level 7. HP: 11/61 MP: 8/10
  4397 | D:4      | Reached skill level 5 in Axes
  4422 | D:4      | Reached skill level 5 in Invocations
  4674 | D:4      | Found an iron altar of Okawaru.
  4778 | D:4      | Reached *** piety under Lugonu
  4804 | D:4      | Slain by a scorpion

Levels and vault maps discovered:
D:1:      scummos_arrival_gate, layout_loops_ring
D:2:      layout_loops_ring, lemuel_crystal_altar,
          minmay_misc_feat_more_columns, fedhas_ov_isle_minmay, uniq_natasha
D:3:      layout_basic, lemuel_blue_sif_altar,
          chequers_temple_overflow_minitemple
D:4:      layout_loops_ring, minmay_temple_entry_arrows,
          lightli_ossuary_entry_decrepit_ruins, minmay_ruined_shrine

Skill      XL: |  1  2  3  4  5  6  7 |
---------------+----------------------+-----
Dodging        | 1 2 3 |  3.0
Axes           | 3 4 5 |  5.4
Fighting       | 4 5 |  5.6
Invocations    | 3 4 5 |  5.3
Armour         | 3 4 |  4.5

Action                   |  1- 3 |  4- 6 |  7- 9 || total
-------------------------+-------+-------+-------++-------
Melee: Hand axe          |    76 |   200 |   118 ||   394
Invok: Depart the Abyss  |     1 |       |       ||     1
       Bend Space        |       |     1 |       ||     1
  Use: Potion            |       |       |     1 ||     1
  Eat: Chunk             |     2 |     7 |     3 ||    12
Armor: Leather armour    |     6 |       |       ||     6
       Ring mail         |     8 |       |       ||     8
       Plate armour      |    27 |   153 |   113 ||   293
Dodge: Dodged            |    32 |    56 |    49 ||   137
